 Dungeon Crawl Stone Soup version 0.24.1-14-gf8d2b509d9 (webtiles) character file.

Game seed: 13652506478537126204, levelgen mode: deterministic

6983 Hugehornet the Martial Artist (level 11, -6/63 HPs)
             Began as an Octopode Transmuter on May 17, 2020.
             Was an Elder of Cheibriados.
             Shot with an arrow by a centaur (9 damage)
             ... on level 10 of the Dungeon.
             The game lasted 00:33:14 (10896 turns).

Hugehornet the Martial Artist (OpTm)               Turns: 10896, Time: 00:33:15

Health: -6/63      AC:  4    Str: 20    XL:     11   Next: 8%
Magic:  21/21      EV: 19    Int: 27    God:    Cheibriados [****..]
Gold:   576        SH:  0    Dex: 22    Spells: 0/23 levels left

rFire    + . .     SeeInvis .     - Unarmed
rCold    . . .     Gourm    .   (no shield)
rNeg     + . .     Faith    .   q - +2 hat
rPois    .         Spirit   .   v - amulet of regeneration
rElec    .         Reflect  .   e - +4 ring of evasion
rCorr    .         Harm     .   h - ring of protection from fire
MR       +....                  w - ring of positive energy
Stlth    ++++......             A - ring of flight
HPRegen  0.60/turn              p - +1 ring of evasion
MPRegen  0.17/turn              (no ring)
                                (no ring)
                                (no ring)

@: very slightly contaminated, invisible, very slow
A: almost no armour, stealthy swim, amphibious, 8 rings, constrict 8, camouflage
1, dopey 1, magic resistance 1, mutation resistance 1, shaggy fur 1, gelatinous
body 1
a: Bend Time, Temporal Distortion, Slouch, Renounce Religion, Evoke Flight


You were on level 10 of the Dungeon.
You worshipped Cheibriados.
Cheibriados was greatly pleased with you.
You were not hungry.

You visited 2 branches of the dungeon, and saw 11 of its levels.
You also visited: Sewer.

You collected 576 gold pieces.

Inventory:

Missiles
 a - 150 arrows
Armour
 q - a +2 hat (worn)
 r - a +1 shield
Jewellery
 e - a +4 ring of evasion (left tentacle)
 h - a ring of protection from fire (right tentacle)
 p - a +1 ring of evasion (on tentacle)
 v - an amulet of regeneration (around mantle)
 w - a ring of positive energy (on tentacle)
 A - a ring of flight (on tentacle)
Wands
 o - a wand of acid (10)
 C - a wand of flame (22)
Scrolls
 b - 2 scrolls of magic mapping
 g - 2 scrolls of enchant armour
 i - a scroll of enchant weapon {unknown}
 j - a scroll of identify
 n - 4 scrolls of fog {unknown}
 t - a scroll of fear
 u - 4 scrolls of blinking
 y - 3 scrolls of remove curse
 z - 4 scrolls of teleportation
 B - a scroll of silence {unknown}
 E - a scroll of immolation {unknown}
Potions
 d - 3 potions of resistance
 f - a potion of heal wounds
 m - 5 potions of flight
 s - a potion of lignification
 x - a potion of cancellation {unknown}
 D - a potion of brilliance {unknown}
Comestibles
 c - 21 rations


   Skills:
 - Level 1.0 Fighting
 - Level 2.0 Dodging
 * Level 9.6 Unarmed Combat
 - Level 6.8 Spellcasting
 - Level 3.1 Conjurations
 * Level 0.1 Hexes
 * Level 0.2 Summonings
 - Level 9.1 Transmutations
 - Level 3.1 Fire Magic
 - Level 4.2 Ice Magic
 - Level 3.0 Poison Magic
 + Level 4.0 Invocations


You couldn't memorise any spells.
You knew the following spells:

 Your Spells              Type           Power        Failure   Level  Hunger
a - Beastly Appendage     Tmut           ######       1%          1    None
b - Sticks to Snakes      Tmut           ######..     1%          2    None
c - Spider Form           Tmut/Pois      #####.....   1%          3    None
d - Ice Form              Ice/Tmut       #####...     3%          4    ###....
e - Blade Hands           Tmut           ######....   4%          5    #####..
f - Conjure Flame         Conj/Fire      ####....     4%          3    None
g - Summon Mana Viper     Hex/Summ       ##......     83%         5    #####..

Your spell library contained the following spells:

 Spells                   Type           Power        Failure   Level  Hunger
 Flame Tongue             Conj/Fire      ####.        1%          1    None
 Throw Flame              Conj/Fire      ####..       2%          2    None
 Summon Butterflies       Summ           ##......     5%          1    None
 Animate Skeleton         Necr           N/A          6%          1    None
 Pain                     Necr           #...         6%          1    None
 Inner Flame              Hex/Fire       ###.....     9%          3    None
 Call Canine Familiar     Summ           ##......     16%         3    None
 Sticky Flame             Conj/Fire      ####....     16%         4    ###....
 Regeneration             Chrm/Necr      #.........   19%         3    None
 Vampiric Draining        Necr           #.........   19%         3    None
 Summon Ice Beast         Ice/Summ       ###.....     24%         4    ###....
 Fireball                 Conj/Fire      ####......   41%         5    #####..
 Animate Dead             Necr           N/A          52%         4    ###....
 Summon Hydra             Summ           ##........   100%        7    #######


Dungeon Overview and Level Annotations

Branches:
Dungeon (10/15)            Temple (1/1) D:6            Lair (0/6) D:9
    Orc (0/2) D:10          Sewer (visited)

Altars:
Ashenzari
Cheibriados
Dithmenos
Elyvilon
Fedhas
Gozag
Hepliaklqana
Kikubaaqudgha
Makhleb
Nemelex Xobeh
Okawaru
Qazlal
Ru
Sif Muna
Trog
Uskayaw
Vehumet
Wu Jian
Xom
Yredelemnul
Zin
The Shining One

Shops:
D:7 (

Annotations:
D:4 2 runed translucent doors, kathalu's ghost, novice MiFi
D:6 2 transporters, 15bullets's ghost, novice HOFi
D:8 2 runed translucent doors, Dawq's ghost, novice MiFi
D:10 Fannar


Innate Abilities, Weirdness & Mutations

You cannot wear most types of armour.
You are very stealthy in the water. (Stealth+)
You are amphibious.
You can wear up to eight rings at the same time.
You can use your tentacles to constrict eight enemies at once.
Your skin changes colour to match your surroundings (Stealth+).
Your rubbery body absorbs attacks. (AC +1, EV +1)
You are dopey. (Int -2)
You are resistant to hostile enchantments. (MR+)
You are somewhat resistant to further mutation.
You are covered in fur. (AC +1)


Message History

The centaur shoots an arrow.
The arrow hits you.
You hear a splash.
The centaur shoots an arrow.
The arrow hits you.
You hear a splash.
You are very lightly contaminated with residual magic.
The centaur shoots an arrow.
The arrow hits you.
You hear a splash.
The centaur shoots an arrow.
The arrow hits you.
* * * LOW HITPOINT WARNING * * *
You hear a splash.
The centaur shoots an arrow.
The arrow hits you.
* * * LOW HITPOINT WARNING * * *
You hear a splash.
The centaur shoots an arrow.
The arrow hits you!
* * * LOW HITPOINT WARNING * * *
You hear a splash.
The centaur shoots an arrow.
The arrow barely misses you.
You hear a splash.
The centaur shoots an arrow.
The arrow hits you!
You die...

....>......≈≈≈
..)......≈≈≈≈≈≈≈≈≈.#
........≈≈≈≈≈≈≈≈≈..# .
........≈≈≈≈≈≈≈≈≈.=# ..
.......≈≈≈≈≈≈≈≈≈≈c.#+#...
.......≈≈≈≈≈≈≈≈≈≈.cc.c...
.##....≈≈≈≈≈≈≈≈≈≈≈.c....≈
######.≈≈≈≈≈≈≈≈≈≈≈≈≈c.≈≈≈
#..≈≈≈≈≈≈≈≈@(≈≈≈≈≈≈≈
##....≈≈(≈≈≈(≈≈≈≈≈≈≈
####.....≈≈≈≈≈≈≈≈##
#####..≈≈≈≈.### ##......#
########


You could see 6 centaurs.

Vanquished Creatures
  Nergalle (D:10)
  An elephant (D:9)
  Prince Ribbit (D:6)
  4 hippogriffs
  A yak (D:9)
  3 hungry ghosts
  3 sky beasts
  6 orc warriors
  5 ogres
  Purgy (Sewer)
  A phantom (D:6)
  2 centaurs (D:7)
  3 crocodiles
  2 bullfrogs
  A gnoll sergeant (D:8)
  2 scorpions
  3 troll zombies (D:10)
  9 wights
  A crimson imp (D:7)
  7 howler monkeys
  A quasit (D:9)
  8 hounds
  A centaur skeleton (D:4)
  2 gnoll shamans
  7 orc priests
  2 jellies (D:10)
  2 bullfrog skeletons
  An iguana (D:8)
  8 orc wizards
  7 worker ants
  A killer bee zombie (D:8)
  5 ogre zombies (D:10)
  3 hound skeletons
  A worker ant zombie (D:9)
  12 adders
  12 gnolls
  A river rat (D:3)
  2 shadow imps
  2 adder skeletons (D:6)
  4 worms
  4 leopard geckos
  39 orcs
  2 ball pythons
  3 bats
  4 giant cockroaches
  9 goblins
  5 hobgoblins
  4 jackals (D:1)
  6 quokkas
  5 frilled lizards
  2 goblin skeletons (D:10)
  A goblin zombie (D:10)
  4 hobgoblin zombies (D:10)
  A jackal skeleton (D:4)
  14 kobolds
  3 orc skeletons (D:10)
  15 orc zombies (D:10)
  7 rats
267 creatures vanquished.

Vanquished Creatures (collateral kills)
  A jelly (D:10)
  A worker ant zombie (D:10)
2 creatures vanquished.

Grand Total: 269 creatures vanquished

Notes
Turn   | Place    | Note
-------+----------+-------------------------------------------
     0 | D:1      | Hugehornet the Octopode Transmuter began the quest for the
                  | Orb.
     0 | D:1      | Reached XP level 1. HP: 13/13 MP: 3/3
   189 | D:1      | Reached XP level 2. HP: 10/18 MP: 3/5
  1429 | D:2      | Reached XP level 3. HP: 22/23 MP: 5/7
  1433 | D:2      | Learned a level 2 spell: Sticks to Snakes
  1437 | D:2      | Learned a level 3 spell: Spider Form
  1812 | D:2      | Found a faded altar of an unknown god.
  2236 | D:3      | Found a glowing drain.
  2247 | D:3      | Reached XP level 4. HP: 10/28 MP: 8/8
  2460 | Sewer    | Entered a sewer
  2488 | Sewer    | Noticed Purgy
  2499 | Sewer    | Killed Purgy
  2499 | Sewer    | Reached XP level 5. HP: 14/33 MP: 6/9
  2928 | D:3      | Reached skill level 5 in Transmutations
  3115 | D:3      | Reached XP level 6. HP: 6/38 MP: 7/10
  4020 | D:3      | Found an opulent altar of Gozag.
  4301 | D:3      | Learned a level 4 spell: Ice Form
  4322 | D:4      | Found a runed translucent door.
  4621 | D:4      | Found a runed translucent door.
  4627 | D:4      | Noticed kathalu's ghost (novice MiFi)
  4992 | D:4      | Reached skill level 1 in Ice Magic
  5168 | D:4      | Reached XP level 7. HP: 28/43 MP: 8/11
  5434 | D:5      | Entered Level 5 of the Dungeon
  6227 | D:6      | Found a glowing golden altar of the Shining One.
  6317 | D:6      | Gained mutation: Scrolls take you a little longer to read.
                  | [miscasting Ice Form]
  6330 | D:6      | Reached XP level 8. HP: 22/48 MP: 1/13
  6344 | D:6      | HP: 2/57 [phantom (3)]
  6508 | D:6      | Found a transporter.
  6513 | D:6      | Found a transporter.
  6523 | D:6      | Noticed 15bullets's ghost (novice HOFi)
  6525 | D:6      | Noticed a hornet
  6685 | D:6      | Noticed Prince Ribbit
  6723 | D:6      | Killed Prince Ribbit
  6797 | D:6      | Reached skill level 5 in Unarmed Combat
  6858 | D:6      | Reached skill level 5 in Spellcasting
  6858 | D:6      | Reached XP level 9. HP: 41/53 MP: 13/16
  6889 | D:6      | Learned a level 5 spell: Blade Hands
  7000 | D:6      | Found a staircase to the Ecumenical Temple.
  7131 | Temple   | Entered the Ecumenical Temple
  7162 | Temple   | Became a worshipper of Cheibriados the Contemplative
  7532 | D:7      | Lost mutation: Scrolls take you a little longer to read.
                  | [potion of mutation]
  7532 | D:7      | Gained mutation: You occasionally shout uncontrollably at
                  | your foes. [potion of mutation]
  7532 | D:7      | Gained mutation: Your spells are a little harder to cast,
                  | but a little more powerful. [potion of mutation]
  7532 | D:7      | Gained mutation: You are covered in fur. (AC +1) [potion of
                  | mutation]
  7533 | D:7      | Lost mutation: Your spells are a little harder to cast, but
                  | a little more powerful. [potion of mutation]
  7533 | D:7      | Lost mutation: You occasionally shout uncontrollably at
                  | your foes. [potion of mutation]
  7533 | D:7      | Gained mutation: You are resistant to hostile enchantments.
                  | (MR+) [potion of mutation]
  7533 | D:7      | Gained mutation: You are dopey. (Int -2) [potion of
                  | mutation]
  7533 | D:7      | Gained mutation: You are somewhat resistant to further
                  | mutation. [potion of mutation]
  7689 | D:7      | Found a sacrificial altar of Ru.
  8006 | D:7      | Reached skill level 1 in Invocations
  8007 | D:7      | Reached * piety under Cheibriados
  8209 | D:7      | Found Maor's Antique Weapon Emporium.
  8389 | D:8      | Found a large runed translucent door.
  8501 | D:8      | Found a large runed translucent door.
  8512 | D:8      | Noticed Dawq's ghost (novice MiFi)
  8523 | D:8      | Reached ** piety under Cheibriados
  8569 | D:8      | Reached XP level 10. HP: 42/58 MP: 19/19
  8726 | D:8      | Found a shattered altar of Ashenzari.
  8988 | D:8      | Found the +4 dagger "Morg" {pain, MR+ Int+5}
  9006 | D:8      | Learned a level 3 spell: Conjure Flame
  9024 | D:8      | Found a burning altar of Makhleb.
  9049 | D:8      | Found a radiant altar of Vehumet.
  9052 | D:8      | Found a bloodstained altar of Trog.
  9231 | D:9      | Found a staircase to the Lair.
  9231 | D:9      | Noticed an elephant
  9327 | D:9      | Reached *** piety under Cheibriados
  9427 | D:9      | Reached skill level 1 in Conjurations
  9427 | D:9      | Reached skill level 1 in Fire Magic
  9435 | D:9      | Killed an elephant
  9435 | D:9      | Reached skill level 1 in Poison Magic
  9518 | D:9      | Found a hide-covered altar of Uskayaw.
  9675 | D:9      | Found a sacrificial altar of Ru.
  9676 | D:9      | Found a basalt altar of Yredelemnul.
  9677 | D:9      | Found a sparkling altar of Nemelex Xobeh.
  9996 | D:10     | Entered Level 10 of the Dungeon
 10089 | D:10     | Noticed Nergalle
 10211 | D:10     | Reached **** piety under Cheibriados
 10349 | D:10     | Noticed a spectral orc warlord
 10349 | D:10     | Killed Nergalle
 10507 | D:10     | Reached XP level 11. HP: 63/63 MP: 18/21
 10625 | D:10     | Noticed Fannar
 10690 | D:10     | Learned a level 5 spell: Summon Mana Viper
 10747 | D:10     | Found a staircase to the Orcish Mines.
 10896 | D:10     | HP: 3/63 [centaur/arrow (8)]
 10896 | D:10     | Shot with an arrow by a centaur

Levels and vault maps discovered:
D:1:      dpeg_arrival_concentric_ovals, layout_basic, minmay_splitting_lines,
          minmay_liquid_box
D:2:      layout_loops_ring, first_ration,
          chequers_ecumenical_altar_simple_redux, grunt_decor_cap,
          lemuel_old_faithful
D:3:      layout_basic, grunt_gozag_breadcrumbs, portal_sewer_entry_a,
          wander_ebering_terrifying_dragon_lair
D:4:      layout_cave_pools, ebering_ghost_sewer_f, dk_vineyard_3
D:5:      layout_basic, minivault_26
D:6:      layout_cave_pools, tso_metal_star, minmay_temple_entry_glass,
          gammafunk_ghost_hive, uniq_prince_ribbit1
D:7:      layout_loops_ring, serial_shops, nicolae_shop_window_shopping,
          basic_altar, minmay_misc_feat_five
D:8:      layout_rooms, grunt_temple_overflow_open, ebering_ghost_disaster_area,
          grunt_ogre_cave
D:9:      layout_cave_pools, chequers_temple_overflow_statue_of_worship,
          david_lair_generic
D:10:     layout_rooms, zombieorc2_lemuel, centaur_isle, uniq_fannar,
          uniq_nergalle
Temple:   hc_temple_tempest_star

Skill      XL: |  1  2  3  4  5  6  7  8  9 10 11 |
---------------+----------------------------------+-----
Transmutations | 3 4 5 6 7 8 9 |  9.1
Spellcasting   | 3 5 6 |  6.8
Ice Magic      | 1 3 4 |  4.2
Unarmed Combat | 4 5 7 9 |  9.6
Invocations    | 3 4 |  4.0
Conjurations   | 3 |  3.1
Fire Magic     | 3 |  3.1
Poison Magic   | 2 3 |  3.0
Fighting       | |  1.0
Dodging        | |  2.0
Hexes          | |  0.1
Summonings     | |  0.2

Action                   |  1- 3 |  4- 6 |  7- 9 | 10-12 || total
-------------------------+-------+-------+-------+-------++-------
Melee: Unarmed           |    70 |   145 |   283 |   233 ||   731
       Constrict         |    22 |    26 |    33 |    37 ||   118
       Kick              |    21 |    31 |    24 |    22 ||    98
       Tentacles         |     8 |    14 |    18 |    44 ||    84
       Punch             |     1 |     1 |     2 |     9 ||    13
 Cast: Beastly Appendage |    25 |    29 |    28 |    24 ||   106
       Spider Form       |       |     3 |    12 |    10 ||    25
       Ice Form          |       |       |     4 |       ||     4
       Blade Hands       |       |       |     3 |    16 ||    19
       Sticks to Snakes  |       |       |       |     2 ||     2
 Abil: End Transformatio |       |     1 |     3 |    13 ||    17
  Use: Scroll            |     1 |     3 |     8 |     2 ||    14
       Potion            |       |       |     3 |     4 ||     7
 Stab: Sleeping          |     4 |     4 |     3 |       ||    11
  Eat: Chunk             |     4 |     6 |    10 |     7 ||    27
       Ration            |       |     1 |     1 |     2 ||     4
Armor: Skin              |     4 |     9 |    13 |    14 ||    40
Dodge: Dodged            |    54 |   124 |   202 |   219 ||   599
